 Dungeon Crawl Stone Soup version 0.29.0-13-gc9e81de378 (webtiles) character file.

Game seed: 15999397091697023579

1162 LabCoat the Cudgeller (level 8, 0/55 (70) HPs)
             Began as a Hill Orc Fighter on Sept 8, 2022.
             Slain by a wight
             ... wielding a +0 dagger
              (4 damage)
             ... on level 5 of the Dungeon.
             The game lasted 00:17:34 (5539 turns).

LabCoat the Cudgeller (Hill Orc Fighter)            Turns: 5539, Time: 00:17:34

HP:   0/55 (70)     AC: 15    Str: 21    XL:     8   Next: 39%
MP:   8/8           EV:  6    Int:  8    God:
Gold: 251           SH:  5    Dex: 10    Spells: 7/7 levels left

rFire   . . .      SeeInvis .   a - +0 flail
rCold   + . .      Faith    .   c - +0 buckler
rNeg    . . .      Spirit   .   x - +0 plate armour
rPois   .          Reflect  .   (no helmet)
rElec   .          Harm     .   d - +2 cloak
rCorr   .          Rampage  .   (no gloves)
Will    .....                   (no boots)
Stlth   ..........              (no amulet)
HPRegen 0.18/turn               m - ring of protection from cold
MPRegen 0.11/turn               (no ring)

@: heavily drained
A: no striking features
a: no special abilities


You were on level 5 of the Dungeon.
You visited 1 branch of the dungeon, and saw 6 of its levels.

You collected 251 gold pieces.

Inventory:

Hand Weapons
 a - a +0 flail (weapon)
 q - a +0 morningstar of holy wrath
Missiles
 e - 2 silver boomerangs
 k - 9 poisoned darts (quivered)
 v - a boomerang
 w - 2 javelins
Armour
 c - a +0 buckler (worn)
 d - a +2 cloak (worn)
 x - a +0 plate armour (worn)
Jewellery
 m - a ring of protection from cold (left hand)
Wands
 b - a wand of flame (8)
 y - a wand of digging (4)
Scrolls
 n - 3 scrolls of enchant armour
 p - a scroll of noise {unknown}
 r - a scroll of teleportation {unknown}
 s - a scroll of amnesia {unknown}
 z - a scroll of fog {unknown}
Potions
 f - a potion of lignification {unknown}
 g - 2 potions of flight
 h - a potion of degeneration {unknown}
 o - 2 potions of brilliance
 t - a potion of haste {unknown}
 u - a potion of mutation {unknown}


   Skills:
 + Level 6.0 Fighting
 * Level 6.7 Maces & Flails
 - Level 2.2 Throwing
 + Level 5.4 Armour
 + Level 5.4 Shields
 + Level 1.6 Evocations


You had 7 spell levels left.
You didn't know any spells.
Your spell library contained the following spells:

 Spells                   Type           Power      Damage    Failure   Level
 Passwall                 Tmut/Erth      0%         N/A       100%        2
 Confusing Touch          Hex            0%         N/A       100%        3
 Swiftness                Air            0%         N/A       100%        3
 Summon Ice Beast         Ice/Summ       0%         N/A       100%        4
 Summon Mana Viper        Hex/Summ       0%         N/A       100%        5
 Yara's Violent Unravell  Hex/Tmut       0%         3d3       100%        5
 Conjure Ball Lightning   Conj/Air       0%         3x3d6     100%        6
 Enfeeble                 Hex            0%         N/A       100%        7
 Monstrous Menagerie      Summ           0%         N/A       100%        7
 Chain Lightning          Conj/Air       0%         N/A       100%        9


Dungeon Overview and Level Annotations

Branches:
Dungeon (6/15)
 Temple: D:4-7

Altars:
Ashenzari
Cheibriados
Qazlal

Shops:
D:1 !


Message History

You feel drained. The wight barely misses you.
You climb upwards.
There is a stone staircase leading down here.
You hit the phantom but do no damage. The wight hits you but does no damage.
You block the phantom's attack. The wight hits you but does no damage.
You feel drained.
You closely miss the wight. You block the wight's attack.
You block the phantom's attack.
The wight hits you with a +2 battleaxe of draining!
You feel drained.
You barely miss the wight. The wight hits you but does no damage.
The phantom hits you but does no damage.
The wight barely misses you.
You thump the wight!
The wight is heavily damaged.
The wight hits you with a +0 dagger!
The phantom hits you but does no damage.
The wight hits you with a +2 battleaxe of draining!
You feel drained.
You barely miss the wight.
The wight is heavily damaged.
You block the wight's attack. The phantom hits you.
* * * LOW HITPOINT WARNING * * *
The wight hits you with a +2 battleaxe of draining!
* * * LOW HITPOINT WARNING * * *
You feel drained.
* * * LOW HITPOINT WARNING * * *
You feel drained.
* * * LOW HITPOINT WARNING * * *
You barely miss the wight. You block the wight's attack.
The phantom hits you but does no damage.
You block the wight's attack. The wight hits you but does no damage.
The phantom hits you but does no damage.
The wight hits you with a +2 battleaxe of draining.
* * * LOW HITPOINT WARNING * * *
You feel drained. x2
You thump the phantom!
The phantom is moderately damaged.
The wight hits you with a +0 dagger.
You die...

#.....# #.#..)# #...#
###.....####.#...# ##..##
#............#...# #....##
#.#########..##### ##.##..## #.#
#...## ####..###... #.# ##...##
#.......#### #.# ##...#
#........... #.# ###.#.##
#...(...#### #.##
#..W@..###..>....# ###..######
#..zz...########## #.........#
#.....#...###########
#.........###.....###....).......
#.............##### #############
#..........#### #.........##
#.........# ###########


You could see a phantom and 2 wights.

Vanquished Creatures
  Prince Ribbit (D:5)
  Sigmund (D:5)
  A steam dragon (D:6)
  A centaur (D:5)
  A necrophage (D:3)
  A howler monkey (D:6)
  A jelly (D:4)
  2 hounds
  A gnoll bouda (D:5)
  Ijyb (D:5)
  An iguana (D:4)
  3 orc wizards
  8 gnolls
  8 adders
  A shadow imp (D:5)
  An ufetubus (D:5)
  2 worms
  2 dart slugs
  7 orcs
  12 ball pythons
  4 endoplasms
  5 giant cockroaches
  4 goblins
  10 hobgoblins
  5 jackals (D:1)
  2 quokkas
  4 frilled lizards
  6 kobolds
  8 rats
104 creatures vanquished.

Notes
Turn   | Place    | Note
-------+----------+-------------------------------------------
     0 | D:1      | LabCoat the Hill Orc Fighter began the quest for the Orb.
     0 | D:1      | Reached XP level 1. HP: 19/19 MP: 1/1
    54 | D:1      | Reached XP level 2. HP: 15/27 MP: 2/2
   298 | D:1      | HP: 1/27 [jackal (2)]
   739 | D:1      | Found Tanemihag's Distillery.
   749 | D:1      | Reached XP level 3. HP: 33/33 MP: 3/3
  1566 | D:2      | Reached XP level 4. HP: 37/40 MP: 4/4
  1913 | D:3      | Found a snail-covered altar of Cheibriados.
  2140 | D:3      | Got the Tome of the Solid Sky
  2551 | D:4      | Reached XP level 5. HP: 35/47 MP: 5/5
  2840 | D:3      | Reached skill level 1 in Throwing
  2840 | D:3      | Reached XP level 6. HP: 26/53 MP: 6/6
  3528 | D:4      | Found a stormy altar of Qazlal.
  4087 | D:5      | Entered Level 5 of the Dungeon
  4094 | D:5      | Noticed Ijyb
  4118 | D:5      | Killed Ijyb
  4119 | D:5      | Reached skill level 5 in Maces & Flails
  4282 | D:5      | Noticed Sigmund
  4311 | D:5      | Killed Sigmund
  4312 | D:5      | Reached skill level 5 in Fighting
  4312 | D:5      | Reached XP level 7. HP: 45/61 MP: 7/7
  4393 | D:5      | Noticed Prince Ribbit
  4413 | D:5      | Killed Prince Ribbit
  4414 | D:5      | Reached skill level 5 in Armour
  4414 | D:5      | Reached skill level 5 in Shields
  4609 | D:5      | Found a broken altar of Ashenzari.
  4872 | D:5      | Reached XP level 8. HP: 66/69 MP: 8/8
  4939 | D:5      | Reached skill level 1 in Evocations
  5539 | D:5      | Slain by a wight

Illustrated notes

Levels and vault maps discovered:
D:1:      amcnicky_arrival_wind_blow, layout_basic, serial_shops, shop_fountains
D:2:      layout_basic
D:3:      layout_rooms, cheibrodos_worm_habitat, minmay_distorted
D:4:      layout_loops_cross, grunt_qazlal_clouds
D:5:      layout_rooms, kennysheep_mini, uniq_prince_ribbit1, uniq_ijyb,
          uniq_sigmund
D:6:      layout_rooms, nicolae_overflow_hidden_temple,
          mainiacjoe_overflow_two_lobes

Skill      XL: |  1  2  3  4  5  6  7  8 |
---------------+-------------------------+-----
Fighting       | 4 5 6 |  6.0
Maces & Flails | 3 4 5 6 |  6.7
Armour         | 4 5 |  5.4
Shields        | 4 5 |  5.4
Throwing       | 1 2 |  2.2
Evocations     | 1 |  1.6

Action                   |  1- 3 |  4- 6 |  7- 9 || total
-------------------------+-------+-------+-------++-------
Melee: Flail             |   114 |   236 |   118 ||   468
Throw: Dart              |     1 |    18 |       ||    19
       Boomerang         |     1 |       |       ||     1
       Javelin           |       |     7 |     4 ||    11
Evoke: Wand              |       |       |     5 ||     5
  Use: Potion            |     1 |       |     3 ||     4
       Scroll            |     3 |       |     4 ||     7
Armor: Scale mail        |   104 |   134 |       ||   238
       Plate armour      |       |    17 |   119 ||   136
Dodge: Dodged            |    78 |   135 |    52 ||   265
Block: Buckler           |    33 |    74 |    46 ||   153
